 Dungeon Crawl Stone Soup version 0.27-a0-380-g150de4c (webtiles) character file.

Game seed: 13281828712270249292

949 MrTaco21 the Basher (level 8, -1/46 HPs)
             Began as a Gargoyle Fighter on Feb 17, 2021.
             Was a Believer of Okawaru.
             Slain by an orc (2 damage)
             ... on level 7 of the Dungeon.
             The game lasted 00:07:45 (4935 turns).

MrTaco21 the Basher (Gargoyle Fighter)              Turns: 4935, Time: 00:07:46

Health: -1/46      AC: 21    Str: 23    XL:     8   Next: 13%
Magic:  8/8        EV:  7    Int:  8    God:    Okawaru [**....]
Gold:   337        SH:  9    Dex:  9    Spells: 7/7 levels left

rFire    . . .     SeeInvis +   y - +0 flail (protect)
rCold    + . .     Faith    .   c - +0 kite shield
rNeg     + . .     Spirit   .   b - +0 scale mail
rPois    ∞         Reflect  .   (no helmet)
rElec    +         Harm     .   j - +0 cloak
rCorr    .         Rampage  .   q - +0 pair of gloves
Will     .....                  (no boots)
Stlth    ..........             (no amulet)
HPRegen  0.15/turn              z - ring of see invisible
MPRegen  0.11/turn              o - ring of protection from cold

@: protection aura
A: negative energy resistance 1, electricity resistance, unbreathing,
petrification resistance, miasma immunity, AC +5
a: Renounce Religion, Heroism


You were on level 7 of the Dungeon.
You worshipped Okawaru.
Okawaru was pleased with you.
You visited 1 branch of the dungeon, and saw 7 of its levels.

You collected 337 gold pieces.

Inventory:

Hand Weapons
 y - a +0 flail of protection (weapon)
   (You found it on level 4 of the Dungeon)
Missiles
 A - 14 poisoned darts (quivered)
Armour
 b - a +0 scale mail (worn)
 c - a +0 kite shield (worn)
 j - a +0 cloak (worn)
   (You found it on level 1 of the Dungeon)
 q - a +0 pair of gloves (worn)
   (You found it on level 3 of the Dungeon)
Jewellery
 o - a ring of protection from cold (right hand)
   (You found it on level 5 of the Dungeon)
 z - a ring of see invisible (left hand)
   (You found it on level 1 of the Dungeon)
Wands
 d - a wand of iceblast (11)
   (You found it on level 4 of the Dungeon)
 u - a wand of paralysis (9)
   (You found it on level 5 of the Dungeon)
 x - a wand of acid (3)
   (You found it on level 4 of the Dungeon)
Scrolls
 e - a scroll of identify {@r1}
 g - 2 scrolls of blinking {unknown}
 h - a scroll of enchant armour {unknown}
 k - 2 scrolls of fear {unknown}
 m - 3 scrolls of teleportation {@r4}
 p - a scroll of immolation {!r}
 r - 2 scrolls of fog {unknown}
Potions
 a - a potion of lignification {unknown}
 f - 4 potions of haste {@q3}
 i - a potion of invisibility {unknown}
 l - 2 potions of mutation {unknown}
 n - a potion of attraction {unknown}
 s - 2 potions of might
 t - 2 potions of heal wounds {@q2}
 v - 5 potions of curing {@q1}
 w - a potion of berserk rage {unknown}


   Skills:
 - Level 3.2 Fighting
 + Level 9.3 Maces & Flails
 - Level 3.2 Armour
 - Level 3.2 Shields


You had 7 spell levels left.
You didn't know any spells.
Your spell library was empty.

Dungeon Overview and Level Annotations

Branches:
Dungeon (7/15)
 Temple: D:4-7

Altars:
Cheibriados
Dithmenos
Elyvilon
Makhleb
Okawaru
Trog
Yredelemnul

Shops:
D:6 *

Annotations:
D:6 1 runed translucent door, Pikel; Tyrosin's ghost, novice MfGl


Innate Abilities, Weirdness & Mutations

You are resistant to torment.
Your stone body is resilient. (AC +5)
You are immune to poison.
You resist negative energy. (rN+)
You are resistant to electric shocks. (rElec)
You can survive without breathing.
You are immune to petrification.
You are immune to miasma.


Message History

Unknown command.
You completely miss Pikel. The lemure barely misses you.
Pikel hits you with a +2 whip of freezing.
* * * LOW HITPOINT WARNING * * *
Pikel freezes you.
* * * LOW HITPOINT WARNING * * *
The lemure completely misses you. You block the lemure's attack.
The lemure hits you but does no damage. x2
Your shield and scale mail prevent you from hitting Pikel.
Pikel hits you but does no damage.
The lemure hits you but does no damage. x4
Pikel hits you but does no damage.
You hit Pikel but do no damage. The lemure hits you but does no damage.
You block the lemure's attack. The lemure hits you.
* * * LOW HITPOINT WARNING * * *
The lemure hits you.
* * * LOW HITPOINT WARNING * * *
Pikel closely misses you. You block the lemure's attack.
The lemure hits you but does no damage.
A shadow imp comes into view.
Found a condenser vane.
Tyrosin's ghost turns its malevolent gaze towards you.
Found 3 scrolls of immolation.
There is a stone staircase leading down here.
You climb downwards.
An iguana and an orc come into view.
The orc shouts!
The iguana hisses angrily.
You hear a shout! x4
Found a shadowy altar of Dithmenos.
Found a stone staircase leading up.
There is a stone staircase leading up here.
You are too injured to fight recklessly!
You hit the orc but do no damage.
Your weapon exudes an aura of protection.
The orc barely misses you.
You thump the orc!
You kill the orc!
Okawaru accepts your kill. 2 orcs come into view.
The orc shouts!
The iguana bites you.
* * * LOW HITPOINT WARNING * * *
The orc moves out of view.
An orc warrior comes into view. It is wielding a +0 dire flail.
You see here a +4 ring mail.
Unknown command.
You hit the iguana. You block the iguana's attack.
Unknown command.
You barely miss the iguana. You block the iguana's attack.
An orc comes into view.
The orc hits you.
You die...

## #<. #.# #
##.#.###
#..#.oo #...o
#.o# ..#.##@.#
._....l.<#
.....##.......#
#... #.........
... ##.####...
#. #.# #. # #.#
#.# #.#


You could see an orc warrior, an iguana and 3 orcs.

Vanquished Creatures
  Menkaure (D:5)
  A sky beast (D:4)
  An ice beast (D:6)
  A scorpion (D:6)
  3 howler monkeys
  A centaur skeleton (D:4)
  A hound (D:4)
  3 orc wizards (D:5)
  3 worker ants
  A hound zombie (D:6)
  4 river rats (D:4)
  10 adders
  A white imp (D:5)
  An ufetubus (D:6)
  2 oozes
  8 worms
  A dart slug (D:3)
  A leopard gecko (D:4)
  11 orcs
  6 giant cockroaches
  7 goblins
  8 hobgoblins
  6 jackals
  3 ball pythons
  3 bats
  4 frilled lizards
  6 kobolds
  5 rats
103 creatures vanquished.

Vanquished Creatures (others)
  3 plants (D:4)
3 creatures vanquished.

Grand Total: 106 creatures vanquished

Notes
Turn   | Place    | Note
-------+----------+-------------------------------------------
     0 | D:1      | MrTaco21 the Gargoyle Fighter began the quest for the Orb.
     0 | D:1      | Reached XP level 1. HP: 14/14 MP: 1/1
   284 | D:1      | Reached XP level 2. HP: 19/19 MP: 2/2
   644 | D:2      | Reached skill level 3 in Maces & Flails
   705 | D:2      | Reached XP level 3. HP: 23/23 MP: 3/3
  1089 | D:2      | Reached skill level 4 in Maces & Flails
  1115 | D:2      | Found a bloodstained altar of Trog.
  1161 | D:2      | Reached XP level 4. HP: 23/28 MP: 4/4
  1886 | D:3      | Found a snail-covered altar of Cheibriados.
  2018 | D:3      | Found an iron altar of Okawaru.
  2508 | D:3      | Became a worshipper of Warmaster Okawaru
  2651 | D:4      | Reached skill level 5 in Maces & Flails
  2651 | D:4      | Reached XP level 5. HP: 21/32 MP: 5/5
  2736 | D:4      | Reached skill level 6 in Maces & Flails
  2761 | D:4      | Reached XP level 6. HP: 31/37 MP: 6/6
  2807 | D:4      | Reached * piety under Okawaru
  2858 | D:4      | Noticed a sky beast
  2870 | D:4      | Killed a sky beast
  2873 | D:4      | Reached skill level 7 in Maces & Flails
  2977 | D:4      | Found a burning altar of Makhleb.
  2996 | D:4      | Found a basalt altar of Yredelemnul.
  3260 | D:4      | Found a white marble altar of Elyvilon.
  3345 | D:4      | Reached XP level 7. HP: 38/41 MP: 7/7
  3613 | D:5      | Entered Level 5 of the Dungeon
  3813 | D:5      | Noticed Menkaure
  3842 | D:5      | Killed Menkaure
  3842 | D:5      | Reached ** piety under Okawaru
  3843 | D:5      | Reached skill level 8 in Maces & Flails
  4574 | D:6      | Reached skill level 9 in Maces & Flails
  4639 | D:6      | Reached XP level 8. HP: 45/46 MP: 8/8
  4736 | D:6      | Found Ezesury's General Store.
  4845 | D:6      | Noticed Pikel
  4927 | D:6      | Found a runed translucent door.
  4928 | D:6      | Noticed Tyrosin's ghost (novice MfGl)
  4930 | D:7      | Found a shadowy altar of Dithmenos.
  4933 | D:7      | HP: 1/46 [iguana (6)]
  4935 | D:7      | Slain by an orc

Illustrated notes

Levels and vault maps discovered:
D:1:      dpeg_arrival_stonehenge_8_columns, layout_loops_ring,
          roderic_serpentine_path
D:2:      layout_basic, general_overflow_altar, st_stairs_13
D:3:      minmay_wonky_spiral, layout_basic, lemuel_crystal_altar,
          kennysheep_slug_shrine, st_stairs_11
D:4:      corexii_shack_village, layout_rooms, marbit_many_paths,
          lemuel_doored_altar, makhleb_heckhound_becter,
          lightli_sewer_entry_pipes
D:5:      layout_basic, chequers_serial_rivers_micro_e, uniq_menkaure
D:6:      minmay_flawed_box, layout_loops_corners, kennysheep_mini,
          minmay_temple_entry_enclosed_plants, serial_shops, shop,
          ebering_ghost_inner_flame, chequers_garden, roderic_lattice_a,
          uniq_pikel
D:7:      layout_loops_ring, nzn_hepliaklqana_mist_gate,
          nicolae_overflow_crystal_walls, nicolae_ru_great_annihilating_truth,
          kennysheep_nondescript, okawaru_metal_pillars_1_2,
          uniq_crazy_yiuf_cottage, uniq_maggie

Skill      XL: |  1  2  3  4  5  6  7 |
---------------+----------------------+-----
Maces & Flails | 3 4 5 6 7 9 |  9.3
Fighting       | |  3.2
Armour         | |  3.2
Shields        | |  3.2

Action                   |  1- 3 |  4- 6 |  7- 9 || total
-------------------------+-------+-------+-------++-------
Melee: Flail             |   119 |   210 |   165 ||   494
  Use: Scroll            |       |       |     4 ||     4
Armor: Scale mail        |    91 |   164 |   157 ||   412
Dodge: Dodged            |    46 |    74 |    66 ||   186
Block: Kite shield       |    71 |   147 |    91 ||   309

Table legend: (Time is in decaauts)
 A = Elapsed time spent in this place.
 B = Non-inter-level travel time spent in this place.
 C = Inter-level travel time spent in this place.
 D = Time resting spent in this place.
 E = Time spent auto-exploring this place.
 F = Levels seen in this place.
 G = Mean time per level.
                   A        B        C        D        E       F      G
               +--------+--------+--------+--------+--------+-----+--------+
         Total |   5132 |   4746 |    386 |    244 |   3345 |   7 |  733.1 |
       Dungeon |   5132 |   4746 |    386 |    244 |   3345 |   7 |  733.1 |
               +--------+--------+--------+--------+--------+-----+--------+

Top non-repeatable levels by time:
     D:4: 1091 daAuts
     D:2: 1041 daAuts
     D:3: 1033 daAuts
     D:5: 936 daAuts
     D:1: 617 daAuts
     D:6: 406 daAuts
     D:7: 5 daAuts
